Map: Para Site LE

Players

Scarlett - Winner!

  • Race: Zerg Zerg
  • Spawn Location: 11:00

ShaDoWn

  • Race: Protoss Protoss
  • Spawn Location: 5:00

Event: WCS Montreal 2018

VOD

Have the link to the VOD?

Description

Time

  • Played on: Sept. 8, 2018, 10:35 a.m.
  • Length: 10:05

All games in this series

Show
View Real Time Build Order
Export as new Build Order

Scarlett Zerg - Winner!

Build Orders: Hatch First, Roach Hydra, Swarm Host 

Get SALT Encoding   

  12  0:00  Drone  
  13  0:12  Overlord  
  13  0:17  Drone  
  14  0:31  Drone x2  
  16  0:48  Hatchery  
  15  0:50  Drone  
  15  0:54  Drone  
  17  1:08  Spawning Pool  
  17  1:10  Drone  
  17  1:13  Extractor  
  17  1:16  Drone  
  17  1:19  Drone  
  18  1:28  Drone  
  19  1:39  Drone  
  20  1:49  Drone  
  21  1:59  Queen x2  
  21  2:00  Zergling x2, Overlord  
  26  2:11  Drone x2  
  26  2:13  Metabolic Boost  
  28  2:22  Drone x2  
  30  2:32  Drone x2  
  32  2:39  Hatchery  
  32  2:43  Queen  
  33  2:47  Overlord  
  33  2:50  Zergling x2  
  34  2:56  Drone x2  
  36  3:06  Drone  
  36  3:07  Drone x5  
  42  3:15  Drone, Overlord  
  42  3:19  Drone  
  44  3:26  Extractor, Spore Crawler, Queen  
  44  3:29  Overlord  
  44  3:34  Overlord  
  44  3:36  Drone  
  44  3:39  Drone x2  
  47  3:46  Overlord  
  47  3:48  Drone x2  
  48  3:49  Drone  
  48  3:51  Queen  
  48  3:53  Drone  
  48  3:54  Drone  
  53  3:56  Drone  
  53  3:57  Extractor  
  53  4:02  Drone x3  
  56  4:04  Drone  
  56  4:05  Drone  
  58  4:13  Drone  
  58  4:14  Drone x2  
  61  4:17  Spore Crawler  
  61  4:18  Drone x3  
  62  4:26  Drone  
  62  4:27  Drone x4  
  66  4:31  Lair  
  66  4:36  Roach Warren  
  66  4:38  Extractor, Zergling x4  
  64  4:42  Zergling x4  
  68  4:51  Overlord  
  68  4:52  Zergling x10  
  73  4:56  Evolution Chamber  
  73  4:57  Zergling x4  
  73  4:59  Overlord  
  74  5:00  Overlord  
  74  5:07  Overlord x2  
  73  5:20  Drone x10  
  81  5:23  Zerg Missile Weapons Level 1, Drone  
  81  5:24  Drone  
  83  5:30  Glial Reconstitution  
  83  5:32  Drone x2  
  83  5:34  Extractor  
  83  5:36  Extractor  
  83  5:39  Hydralisk Den  
  83  5:40  Roach x2  
  83  5:41  Roach  
  83  5:42  Drone x2  
  88  5:47  Drone  
  89  5:52  Hatchery  
  89  5:54  Drone x4  
  92  5:58  Roach  
  92  5:59  Roach  
  92  6:02  Roach x2  
  100  6:05  Roach x2  
  100  6:07  Overseer  
  100  6:08  Roach  
  106  6:11  Muscular Augments  
  106  6:15  Roach x2  
  106  6:17  Roach  
  106  6:18  Overlord  
  112  6:19  Zergling x2  
  113  6:28  Pneumatized Carapace, Overlord  
  113  6:39  Drone x3  
  117  6:40  Drone x5  
  117  6:45  Hydralisk  
  117  6:46  Hydralisk x3  
  129  6:49  Overlord  
  129  6:50  Overlord x2  
  129  6:53  Overlord  
  129  6:54  Infestation Pit  
  129  6:59  Overlord x2  
  127  7:06  Hydralisk x4  
  135  7:11  Hydralisk x3  
  141  7:17  Hydralisk x3  
  146  7:23  Hydralisk x3  
  146  7:40  Drone x3  
  146  7:41  Drone  
  146  7:43  Drone  
  146  7:44  Drone x12  
  159  7:46  Extractor  
  159  7:47  Extractor  
  157  7:55  Grooved Spines  
  157  7:56  Hatchery, Swarm Host  
  157  7:57  Swarm Host  
  162  8:05  Swarm Host x4  
  174  8:15  Swarm Host x3  
  178  8:20  Swarm Host  
  178  8:21  Overlord x3  
  181  8:27  Spire  
  181  8:33  Swarm Host  
  178  8:47  Swarm Host  
  178  8:48  Swarm Host x7  
  192  8:57  Roach x5  
  186  9:08  Roach  
  186  9:09  Roach x8  
  196  9:20  Roach  
  198  9:34  Ravager x2  
  198  9:35  Ravager  
  195  9:41  Spine Crawler x2  
  195  9:42  Spine Crawler  
  195  9:43  Spine Crawler x2  
Show
View Real Time Build Order
Export as new Build Order

ShaDoWn Protoss 

Build Orders: 1 Gate Expand, Oracle Opening, Phoenix Opening, Colossus Rush 

Get SALT Encoding   

  12  0:00  Probe  
  13  0:12  Probe  
  14  0:19  Pylon  
  14  0:24  Probe  
  15  0:33  Probe  
  15  0:41  Probe  
  16  0:43  Gateway  
  17  0:51  Probe, Assimilator  
  18  1:03  Probe  
  19  1:15  Probe  
  20  1:24  Nexus  
  20  1:33  Cybernetics Core  
  20  1:36  Probe  
  21  1:42  Assimilator  
  21  1:48  Probe  
  21  1:50  Pylon  
  22  2:00  Adept, Probe  
  23  2:13  Probe  
  26  2:21  Stargate  
  26  2:24  Probe  
  26  2:26  Adept  
  26  2:28  Warp Gate  
  29  2:32  Probe  
  29  2:34  Probe  
  30  2:40  Probe  
  30  2:42  Probe  
  33  2:51  Probe x2  
  33  2:58  Phoenix  
  35  3:03  Probe  
  35  3:04  Probe  
  39  3:15  Pylon, Probe  
  39  3:16  Probe  
  41  3:21  Gateway, Oracle  
  44  3:27  Probe  
  44  3:28  Probe  
  44  3:34  Gateway  
  46  3:39  Probe  
  46  3:40  Probe  
  48  3:46  Adept  
  48  3:48  Probe  
  48  3:49  Twilight Council  
  48  3:51  Probe  
  48  3:55  Pylon  
  50  3:56  Probe  
  50  3:59  Assimilator  
  50  4:01  Assimilator  
  51  4:04  Probe  
  51  4:08  Probe  
  53  4:14  Robotics Facility  
  55  4:17  Pylon, Probe  
  57  4:29  Probe  
  56  4:32  Resonating Glaives  
  56  4:38  Adept x3  
  61  4:50  Nexus  
  61  4:52  Pylon  
  61  4:55  Observer  
  61  4:59  Adept x3  
  67  5:05  Pylon  
  68  5:16  Probe  
  68  5:17  Warp Prism  
  67  5:23  Robotics Bay  
  67  5:26  Robotics Facility, Adept x3  
  74  5:28  Probe  
  70  5:41  Probe  
  70  5:42  Probe  
  72  5:46  Adept x2  
  72  5:47  Adept  
  78  5:56  Colossus  
  80  6:00  Colossus  
  80  6:03  Gateway  
  79  6:06  Gateway  
  79  6:07  Gateway  
  90  6:21  Pylon  
  90  6:23  Probe  
  91  6:27  Extended Thermal Lance  
  91  6:28  Probe  
  91  6:32  Probe  
  93  6:36  Probe  
  93  6:38  Pylon  
  93  6:40  Adept x2  
  93  6:41  Probe  
  93  6:44  Probe  
  93  6:45  Assimilator  
  93  6:46  Immortal, Sentry  
  101  6:50  Immortal, Assimilator  
  109  7:02  Probe x2  
  109  7:07  Probe  
  112  7:14  Probe  
  113  7:30  Colossus  
  113  7:34  Colossus  
  114  7:37  Pylon  
  114  7:38  Pylon  
  114  7:44  Pylon  
  116  7:51  Pylon  
  116  7:59  Sentry  
  116  8:00  Sentry  
  116  8:01  Adept x2  
  124  8:06  Gateway  
  124  8:12  Zealot x2  
  116  8:22  Adept x4, Colossus  
  113  8:34  Probe x2  
  113  8:38  Probe  
  110  8:42  Adept x5  
  110  8:46  Adept  
  115  8:52  Probe  
  115  8:53  Probe  
  93  9:04  Adept x6  
  93  9:07  Immortal, Probe  
  108  9:19  Stalker  
  100  9:26  Stalker x2  
  100  9:27  Stalker x3  
  92  9:43  Adept  
  92  9:44  Adept  
Tags
 
Add a new tag
Caveats
  • Supply blocks, unpowered buildings, or Contaminate may cause inaccurate times.
  • Supply counts are checked every 10 seconds.